 Dungeon Crawl Stone Soup version 0.17.0-26-gececa24 (webtiles) character file.

65 lucasterio the Poker (level 3, -5/33 HPs)
             Began as a Minotaur Berserker on Nov 19, 2015.
             Was a Believer of Trog.
             Killed by divine providence
             ... invoked by an orc priest
              (14 damage)
             ... on level 3 of the Dungeon.
             The game lasted 00:05:38 (1770 turns).

lucasterio the Poker (Minotaur Berserker)           Turns: 1770, Time: 00:05:39

Health: -5/33      AC:  5    Str: 22    XL:     3   Next: 94%
Magic:  2/2        EV: 10    Int:  4    God:    Trog [**....]
Gold:   159        SH:  2    Dex:  9    Spells: 0 memorised, 2 levels left

rFire  . . .     SeeInvis .     a - +0 spear
rCold  . . .     Clarity  .     e - +0 ring mail
rNeg   . . .     SustAt   .     p - +0 buckler (curse)
rPois  .         Gourm    .     (helmet restricted)
rElec  .         Spirit   .     (no cloak)
rCorr  .         Warding  .     (no gloves)
rMut   .         Stasis   .     (no boots)
MR     .....                    (no amulet)
Stlth  ..........               (no ring)
                                (no ring)

@: not resistant to hostile enchantments, extremely unstealthy
A: retaliatory headbutt, horns 2
a: Berserk, Trog's Hand, Burn Spellbooks, Renounce Religion


You were on level 3 of the Dungeon.
You worshipped Trog.
Trog was pleased with you.
You were not hungry.

You visited 1 branch of the dungeon, and saw 3 of its levels.

You collected 159 gold pieces.

Inventory:

Hand Weapons
 a - a +0 spear (weapon)
 t - a +0 trident
Missiles
 s - 15 arrows
Armour
 e - a +0 ring mail (worn)
 p - a cursed +0 buckler (worn)
Jewellery
 g - an uncursed ring of stealth {unknown}
 o - an uncursed ring of wizardry {unknown}
 v - a +2 ring of intelligence {unknown}
Scrolls
 b - a scroll of immolation {unknown}
 h - 2 scrolls of random uselessness {unknown}
 k - 3 scrolls of recharging {unknown}
 m - 4 scrolls of identify {unknown}
 n - a scroll of noise {unknown}
Potions
 f - a potion of brilliance {unknown}
 i - a potion of lignification {unknown}
 j - a potion of beneficial mutation {unknown}
 l - a potion of curing {unknown}
 u - 2 potions of resistance {unknown}
Books
 r - a Young Poisoner's Handbook

   Spells                             Type                      Level
   a - Sting                          Conjuration/Poison           1
   b - Cure Poison                    Poison                       2
   c - Mephitic Cloud                 Conjuration/Poison/Air       3
   d - Olgreb's Toxic Radiance        Poison                       4
   e - Venom Bolt                     Conjuration/Poison           5
   Trog disapproves of the use of such an item.
Comestibles
 c - 5 bread rations
 d - 2 meat rations
 q - 9 chunks of flesh


   Skills:
 + Level 4.3 Fighting
 + Level 4.7 Polearms
 + Level 3.4 Armour
 - Level 2.1 Dodging


You had 2 spell levels left.
You didn't know any spells.

Dungeon Overview and Level Annotations

Branches:
Dungeon (3/15)

Altars:
Cheibriados
Gozag
Kikubaaqudgha
Trog


Innate Abilities, Weirdness & Mutations

You reflexively headbutt those who attack you in melee.
You have a pair of horns on your head.


Message History

The orc is moderately wounded.
The orc hits you but does no damage.
You hit the orc but do no damage. Your headbutt misses the orc.
The orc barely misses you.
You hit the orc.
The orc is moderately wounded.
The orc barely misses you.
You hit the orc.
You kill the orc!
Trog accepts your kill.
You hit the orc priest. You headbutt the orc priest.
The orc priest is moderately wounded.
Your skin stops crawling.
You feel less resistant to hostile enchantments.
The orc priest hits you but does no damage.
You closely miss the orc priest.
The orc priest is moderately wounded.
The orc priest invokes the aid of Beogh against you.
Something smites you!
You die...

#.#..#########
#####.#...........
#.....##....##....
#.###.......##....
#.(.#.#.....##....
#####.....#.....##....
#...............##....
#.#######.......##....
#...o@......#.#.......
###.######.........#..
#...o..# #. ........
#o.....# .......#
#####.... ..... .#.
#.#. .. . ####
#....#...


You could see an orc priest.

Vanquished Creatures
  3 adders
  An orc (D:3)
  4 ball pythons
  9 hobgoblins
  4 bats
  4 giant newts
  2 goblins
  4 kobolds
  7 rats
38 creatures vanquished.

Notes
Turn   | Place    | Note
--------------------------------------------------------------
     0 | D:1      | lucasterio the Minotaur Berserker began the quest for the Orb.
     0 | D:1      | Reached XP level 1. HP: 19/19 MP: 0/0
   395 | D:1      | Reached XP level 2. HP: 22/27 MP: 1/1
   523 | D:1      | Reached skill level 4 in Polearms
   811 | D:2      | Found a faded altar to an unknown god.
  1024 | D:2      | Found an opulent altar of Gozag.
  1031 | D:2      | Found a bloodstained altar of Trog.
  1079 | D:2      | Found a snail-covered altar of Cheibriados.
  1115 | D:2      | Reached XP level 3. HP: 12/33 MP: 2/2
  1319 | D:2      | Found an ancient bone altar of Kikubaaqudgha.
  1727 | D:3      | Reached ** piety under Trog
  1759 | D:3      | HP: 1/33 [orc (2)]
  1770 | D:3      | Killed from afar by an orc priest

Action                   || total
-------------------------++-------
Melee: Spear             ||   133
Invok: Trog's Hand       ||     1
 Stab: Sleeping          ||     1
  Eat: Chunk             ||     3
